 Dungeon Crawl Stone Soup version 0.18-a0-117-g77bb7e1 (webtiles) character file.

326 ReteAZ the Insei (level 6, -4/38 HPs)
             Began as an Octopode Transmuter on Nov 18, 2015.
             Slain by an ogre
             ... wielding a +0 giant spiked club
              (10 damage)
             ... on level 4 of the Dungeon.
             The game lasted 00:08:15 (4369 turns).

ReteAZ the Insei (Octopode Transmuter)              Turns: 4369, Time: 00:08:15

Health: -4/38      AC:  1    Str:  9    XL:     6   Next: 49%
Magic:  14/18      EV: 14    Int: 16    God:
Gold:   107        SH:  0    Dex: 14    Spells: 3 memorised, 3 levels left

rFire  . . .     SeeInvis .       - Unarmed
rCold  . . .     Clarity  .     (no shield)
rNeg   . . .     SustAt   .     (helmet restricted)
rPois  .         Gourm    .     (no amulet)
rElec  .         Spirit   .     f - ring of magical power
rCorr  .         Warding  .     (no ring)
rMut   .         Stasis   .     (no ring)
MR     .....                    (no ring)
Stlth  ++........               (no ring)
                                (no ring)
                                (no ring)
                                (no ring)

@: appendage, very slightly contaminated, not resistant to hostile enchantments,
unstealthy
A: almost no armour, amphibious, 8 rings, constrict 8, tentacle spike 3,
camouflage 1, gelatinous body 1
a: End Transformation


You were on level 4 of the Dungeon.
You were not hungry.
One of your tentacles had a temporary spike.
You visited 1 branch of the dungeon, and saw 4 of its levels.

You collected 107 gold pieces.

Inventory:

Missiles
 a - 30 arrows
 o - a tomahawk (quivered)
Jewellery
 f - a ring of magical power (left tentacle)
 x - a +5 ring of dexterity {unknown}
Wands
 p - a wand of digging (8)
 u - a wand of disintegration (8)
Scrolls
 e - 3 scrolls of remove curse {unknown}
 g - a scroll of recharging {unknown}
 h - 5 scrolls of identify {unknown}
 j - 2 scrolls of magic mapping {unknown}
 k - 2 scrolls of teleportation {unknown}
 s - a scroll of fear {unknown}
 v - a scroll of fog {unknown}
Potions
 d - 3 potions of heal wounds
 i - 2 potions of degeneration {unknown}
 l - a potion of invisibility {unknown}
 q - a potion of brilliance {unknown}
 r - a potion of poison {unknown}
 w - 2 potions of curing
Books
 b - a book of Changes

   Spells                             Type                      Level
   a - Beastly Appendage              Transmutation                1
   b - Sticks to Snakes               Transmutation                2
   c - Spider Form                    Transmutation/Poison         3
   d - Ice Form                       Ice/Transmutation            4
   e - Blade Hands                    Transmutation                5
Comestibles
 c - 3 bread rations {@e1}
 n - a meat ration {@e2}
 t - 3 royal jellies


   Skills:
 - Level 1.0 Fighting
 * Level 4.7 Dodging
 + Level 5.5 Unarmed Combat
 - Level 2.0 Spellcasting
 - Level 2.0 Transmutations


You had 3 spell levels left.
You knew the following spells:

 Your Spells              Type           Power        Failure   Level  Hunger
a - Beastly Appendage     Trmt           #.....       10%         1    #......
b - Sticks to Snakes      Trmt           #.........   14%         2    ###....
c - Spider Form           Trmt/Pois      #.........   38%         3    ###....


Dungeon Overview and Level Annotations

Branches:
Dungeon (4/15)
 Temple: D:4-7

Altars:


Innate Abilities, Weirdness & Mutations

You cannot wear most types of armour.
You are amphibious.
You can wear up to eight rings at the same time.
You can use your tentacles to constrict eight enemies at once.
Your skin changes colour to match your surroundings (Stealth).
Your rubbery body absorbs attacks (AC +1).
One of your tentacles bears a large vicious spike.


Message History

Casting: Sticks to Snakes
Confirm with . or Enter, or press ? or * to list all spells.
One of your tentacles grows a vicious spike.
Your ball python barely misses the ogre.
You barely miss the ogre.
Your ball python bites the ogre.
The ogre hits you with a giant spiked club!!
Ouch! That really hurt!
* * * LOW HITPOINT WARNING * * *
You barely miss the ogre.
You pierce the ogre, but do no damage.
You squeeze the ogre.
The ogre is lightly wounded.
Your ball python barely misses the ogre.
You tentacle-slap the ogre.
You pierce the ogre.
The ogre is moderately wounded.
Your ball python bites the ogre.
Your ball python bites the ogre but does no damage.
You closely miss the ogre.
You pierce the ogre, but do no damage.
The ogre is moderately wounded.
The ogre hits you with a giant spiked club!
You die...

##########...####'##.....'....
#........................#####
#........................##...
#........................#....
#<......##...##...##.....##...
##########...#######.....##...
#.....................
#....[................
#....@OS..............
#....##...##.....##..>
##...##...##.....#####
#....#...+.......#
#.....+...##.....##
#.....#...######## #.... ....
##... ....+


You could see an ogre and a friendly ball python.

Vanquished Creatures
  An ogre (D:4)
  A giant frog skeleton (D:4)
  2 worker ants (D:4)
  11 adders
  An ooze (D:1)
  An adder skeleton (D:4)
  2 worms (D:2)
  4 giant geckos
  4 orcs (D:4)
  3 ball pythons (D:3)
  3 bats
  A giant cockroach (D:3)
  6 goblins
  A hobgoblin (D:2)
  10 jackals
  2 quokkas (D:4)
  5 giant newts
  10 kobolds
  9 rats
77 creatures vanquished.

Notes
Turn   | Place    | Note
--------------------------------------------------------------
     0 | D:1      | ReteAZ the Octopode Transmuter began the quest for the Orb.
     0 | D:1      | Reached XP level 1. HP: 13/13 MP: 3/3
   422 | D:1      | Reached XP level 2. HP: 16/18 MP: 5/5
   426 | D:1      | Learned a level 2 spell: Sticks to Snakes
   909 | D:1      | Reached XP level 3. HP: 23/23 MP: 6/6
  1352 | D:2      | Reached skill level 4 in Unarmed Combat
  2134 | D:2      | Learned a level 3 spell: Spider Form
  2373 | D:3      | Reached XP level 4. HP: 19/28 MP: 7/7
  3069 | D:3      | Reached XP level 5. HP: 28/33 MP: 8/8
  3073 | D:3      | You fall through a shaft!
  3132 | D:4      | Reached skill level 5 in Unarmed Combat
  3423 | D:4      | Noticed an ogre
  3450 | D:4      | Killed an ogre
  3680 | D:4      | Reached XP level 6. HP: 20/38 MP: 9/9
  4369 | D:4      | Slain by an ogre

Vault maps used:
D:1:      lightli_arrival_statuegarden, st_stairs_3
D:3:      first_bread, minmay_snake_closets, uniq_natasha

Action                   |  1- 3 |  4- 6 || total
-------------------------+-------+-------++-------
Melee: Unarmed           |   103 |    98 ||   201
Throw: Tomahawk          |     4 |     1 ||     5
 Cast: Sticks to Snakes  |     1 |     2 ||     3
       Beastly Appendage |       |     2 ||     2
  Use: Potion            |     2 |       ||     2
 Stab: Sleeping          |     4 |     8 ||    12
       Distracted        |     1 |     1 ||     2
  Eat: Chunk             |     4 |     7 ||    11
